 Dungeon Crawl Stone Soup version 0.28-a0-643-g84cb2ea78e (webtiles) character file.

Game seed: 13183834954161379062

2597 funkygono the Thaumaturge (level 9, -36/57 HPs)
             Began as a Djinni Fire Elementalist on Oct 10, 2021.
             Was a Follower of Zin.
             Killed from afar by a deep elf knight (44 damage)
             ... with a shard of ice
             ... created by the fury of Okawaru
             ... on level 7 of the Dungeon.
             The game lasted 00:15:30 (7251 turns).

funkygono the Thaumaturge (DjFE)                    Turns: 7251, Time: 00:15:31

Health: -36/57     AC:  7    Str: 13    XL:     9   Next: 89%
Gold:   281        EV: 14    Int: 26    God:    Zin [*.....] SH: 15 Dex: 11

rFire   + + +      SeeInvis .   p - +2 falchion
rCold   x . .      Faith    .   v - +2 kite shield "Maypekk" {Regen+}
rNeg    . . .      Spirit   .   q - +2 robe {Will+}
rPois   ∞          Reflect  +   e - +2 hat
rElec   .          Harm     .   y - +0 cloak
rCorr   .          Rampage  .   (no gloves)
Will    +....                   (boots unavailable)
Stlth   ++........              A - amulet of reflection
HPRegen 1.19/turn               c - ring "Ofapnow" {rF++ Str+6 Int+6 Dex-3}
MPRegen 0.00/turn               t - +4 ring of evasion

@: flying
A: sickness immunity, fire resistance 2, cold vulnerability 1, float, innate
caster, hp casting, extra vitality 1
a: Renounce Religion, Recite, Donate Gold


You were on level 7 of the Dungeon.
You worshipped Zin.
Zin was aware of your devotion.
You visited 2 branches of the dungeon, and saw 8 of its levels.

You collected 312 gold pieces.
You donated 31 gold pieces to Zin.

Inventory:

Hand Weapons
 b - a +1 short sword
 p - a +2 falchion (weapon)
Missiles
 j - 131 stones
Armour
 a - a +0 robe
 e - a +2 hat (worn)
 k - a +0 leather armour
 q - a +2 robe of willpower (worn)
 v - the +2 kite shield "Maypekk" (worn) {Regen+}
   (You found it on level 5 of the Dungeon)

   Regen:     It increases your rate of health regeneration.
 y - a +0 cloak (worn)
Magical Staves
 g - a staff of poison
 h - a staff of cold
 z - a staff of poison
Jewellery
 c - the ring "Ofapnow" (left hand) {rF++ Str+6 Int+6 Dex-3}
   (You acquired it on level 2 of the Dungeon)

   [ring of intelligence]

   Str:       It affects your strength (+6).
   Int:       It affects your intelligence (+6).
   Dex:       It affects your dexterity (-3).
   rF:        It greatly protects you from fire.
 d - a +6 ring of dexterity
 r - a +6 ring of intelligence
 t - a +4 ring of evasion (right hand)
 A - an amulet of reflection (around neck)
Wands
 s - a wand of flame (20)
Scrolls
 w - 3 scrolls of teleportation
 x - a scroll of fear
Potions
 f - 2 potions of haste
 i - 2 potions of lignification
 l - 3 potions of cancellation
 m - 2 potions of mutation
 n - 2 potions of curing {unknown}
 o - a potion of experience {unknown}
 u - a potion of flight {unknown}


   Skills:
 + Level 1.0 Fighting
 + Level 0.6 Long Blades
 + Level 3.1 Dodging
 - Level 2.6 Stealth
 * Level 2.5 Shields
 * Level 9.5 Spellcasting


You had 5 spell levels left.
You knew the following spells:

 Your Spells              Type           Power      Damage    Failure   Level
a - Foxfire               Conj/Fire      100%       2x1d9     1%          1
b - Scorch                Fire           100%       2d10      1%          2
c - Conjure Flame         Conj/Fire      58%        6-21      1%          3
d - Inner Flame           Hex/Fire       58%        N/A       1%          3
e - Flame Wave            Conj/Fire      58%        3d11      4%          4
f - Sting                 Tmut/Pois      100%       1d8       1%          1
g - Corpse Rot            Necr/Air       N/A        N/A       1%          2
h - Ozocubu's Armour      Ice            58%        N/A       1%          3
i - Dazzling Flash        Conj/Hex       100%       N/A       1%          3
Your spell library was empty.

Dungeon Overview and Level Annotations

Branches:
Dungeon (7/15)             Temple (1/1) D:6

Altars:
Ashenzari
Cheibriados
Dithmenos
Elyvilon
Fedhas
Gozag
Hepliaklqana
Kikubaaqudgha
Makhleb
Nemelex Xobeh
Okawaru
Qazlal
Ru
Sif Muna
Trog
Uskayaw
Vehumet
Wu Jian
Xom
Yredelemnul
Zin
The Shining One

Annotations:
D:3 2 runed translucent doors, psellion's ghost, amateur DjEE
D:4 2 transporters, Soel's ghost, amateur GrEE


Innate Abilities, Weirdness & Mutations

You are immune to sickness and miasma.
You are immune to poison.
Your flesh is very heat resistant. (rF++)
You are vulnerable to cold. (rC-)
You float through the air rather than walking.
You learn spells naturally, not from books.
Your magical power is your life essence.
You have superior vitality. (+4 HP)


Message History

Casting: Sting (safe; 1% risk of failure)
Confirm with . or Enter, or press ? or * to list all spells.
Flames lash the orc knight but do no damage.
Unknown command.
The orc knight roars a battlecry!
The deep elf knight gestures wildly while chanting.
The deep elf knight flickers and vanishes!
Deactivating autopickup; reactivate with Ctrl-A.
Casting: Scorch (safe; 1% risk of failure)
Confirm with . or Enter, or press ? or * to list all spells.
Aiming: Sting (safe; 1% risk of failure)
Press: ? - help, Shift-Dir - straight line, f - troll, p - orc knight
Aim: a troll (durably summoned, 78% to hit)
The sting hits the troll!
The troll is poisoned.
The troll is lightly wounded.
Unknown command.
You hear some strange, mumbled words.
A shard of ice appears from out of thin air!
The shard of ice reflects off an invisible shield around you!
The shard of ice hits something!!
Casting: Sting (safe; 1% risk of failure)
Confirm with . or Enter, or press ? or * to list all spells.
You can't see any susceptible monsters within range! (Use Z to cast anyway.) Unknown command.
Unknown command.
You hear some strange, mumbled words.
A shard of ice appears from out of thin air!
The shard of ice hits you!!!
You feel a painful chill!
Ouch! That really hurt!
* * * LOW HITPOINT WARNING * * *
Casting: Sting (safe; 1% risk of failure)
Confirm with . or Enter, or press ? or * to list all spells.
You can't see any susceptible monsters within range! (Use Z to cast anyway.) Unknown command.
Unknown command.
You hear some strange, mumbled words.
A shard of ice appears from out of thin air!
The shard of ice hits you!!!
You feel a painful chill!
Ouch! That really hurt!
You die...

####.......# ###.##
#####...#####.# ############
#........##.# #..........#
##........##.# #..........#
#............# #..........#
#.........##### #..........#
#.##.(.#####.#.
##....)....T#######.##...........
...o.......oo{..@...###.######.#.
##################### #.# #...
#.# #... ####.# ####
#....######### #.#.?.........
#.###.######## #.# #.# #.###.#


You could see an orc knight, a troll (poisoned) and an orc warrior (strong).

Vanquished Creatures
  A kobold demonologist (D:5)
  Eustachio (D:5)
  Edmund (D:4)
  A water moccasin (D:7)
  Duvessa (D:4)
  A black bear (D:6)
  3 ogres
  3 centaurs
  A phantom (D:5)
  Blork the orc (D:4)
  A kobold brigand (D:6)
  A bullfrog (D:7)
  A gnoll sergeant (D:7)
  3 scorpions
  Dowan (D:4)
  3 killer bees (D:7)
  A bullfrog zombie (D:6)
  A hound (D:6)
  A jelly (D:6)
  An orc priest (D:3)
  A bullfrog skeleton (D:5)
  5 iguanas
  A centaur skeleton (D:7)
  An orc wizard (D:7)
  Natasha (thrice) (D:4)
  A howler monkey zombie (D:6)
  3 gnolls (D:7)
  7 adders
  A worm (D:5)
  2 dart slugs
  7 orcs
  2 bats (D:1)
  4 endoplasms
  3 giant cockroaches
  2 goblins
  4 hobgoblins
  12 jackals
  14 kobolds
  A quokka (D:1)
  7 frilled lizards
  9 rats
118 creatures vanquished.

Vanquished Creatures (collateral kills)
  3 foxfires (D:4)
3 creatures vanquished.

Vanquished Creatures (others)
  367 foxfires
  3 plants
  6 withered plants (D:4)
376 creatures vanquished.

Grand Total: 497 creatures vanquished

Notes
Turn   | Place    | Note
-------+----------+-------------------------------------------
     0 | D:1      | funkygono the Djinni Fire Elementalist began the quest for
                  | the Orb.
     0 | D:1      | Reached XP level 1. HP: 15/15 MP: 0/0
   196 | D:1      | Reached XP level 2. HP: 19/21 MP: 0/0
   566 | D:1      | You are sucked into a shaft and drop 1 floor!
   585 | D:2      | Reached skill level 3 in Spellcasting
   880 | D:1      | Reached XP level 3. HP: 21/25 MP: 0/0
   880 | D:1      | Learned a level 1 spell: Sting
  2239 | D:2      | Reached XP level 4. HP: 29/31 MP: 0/0
  2306 | D:2      | Identified a scroll of acquirement
  2306 | D:2      | Acquired the ring "Ofapnow" {rF++ Str+6 Int+6 Dex-3}
  2494 | D:3      | Found a faded altar of an unknown god.
  2681 | D:3      | Found a runed translucent door.
  2771 | D:3      | Reached skill level 4 in Spellcasting
  2771 | D:3      | Reached XP level 5. HP: 8/35 MP: 0/0
  2771 | D:3      | Learned a level 2 spell: Corpse Rot
  3328 | D:3      | Found a runed translucent door.
  3330 | D:3      | Noticed a bullfrog
  3333 | D:3      | Noticed psellion's ghost (amateur DjEE)
  3793 | D:4      | Noticed an ogre
  3801 | D:4      | Killed an ogre
  3802 | D:4      | Reached XP level 6. HP: 32/41 MP: 0/0
  3904 | D:4      | Noticed Edmund
  3911 | D:4      | Killed Edmund
  3912 | D:4      | Reached skill level 5 in Spellcasting
  3994 | D:4      | Found a transporter.
  3994 | D:4      | Noticed a necrophage
  3999 | D:4      | Noticed Soel's ghost (amateur GrEE)
  4076 | D:4      | Noticed Duvessa
  4080 | D:4      | Noticed Dowan
  4082 | D:4      | Killed Duvessa
  4083 | D:4      | Reached XP level 7. HP: 39/46 MP: 0/0
  4083 | D:4      | Learned a level 3 spell: Ozocubu's Armour
  4085 | D:4      | Killed Dowan
  4172 | D:4      | Found a transporter.
  4188 | D:4      | Reached skill level 6 in Spellcasting
  4347 | D:4      | Noticed Natasha
  4353 | D:4      | Killed Natasha
  4596 | D:4      | Noticed Natasha
  4599 | D:4      | Killed Natasha
  4617 | D:4      | Noticed Natasha
  4621 | D:4      | Killed Natasha
  4694 | D:4      | Noticed Blork the orc
  4698 | D:4      | Killed Blork the orc
  4699 | D:4      | Reached XP level 8. HP: 45/51 MP: 0/0
  5036 | D:5      | Entered Level 5 of the Dungeon
  5057 | D:5      | Noticed Eustachio
  5062 | D:5      | Killed Eustachio
  5063 | D:5      | Reached skill level 7 in Spellcasting
  5306 | D:5      | Identified the +2 kite shield "Maypekk" {Regen+}
  5375 | D:5      | Noticed a kobold demonologist
  5382 | D:5      | Killed a kobold demonologist
  5383 | D:5      | Reached skill level 1 in Shields
  5387 | D:5      | Reached skill level 8 in Spellcasting
  5387 | D:5      | Reached XP level 9. HP: 56/56 MP: 0/0
  5387 | D:5      | Learned a level 3 spell: Dazzling Flash
  5986 | D:6      | Reached skill level 9 in Spellcasting
  6028 | D:6      | Found a staircase to the Ecumenical Temple.
  6034 | Temple   | Entered the Ecumenical Temple
  6148 | Temple   | Became a worshipper of Warmaster Okawaru
  6795 | Temple   | Fell from the grace of Okawaru
  6795 | Temple   | Became a worshipper of Zin the Law-Giver
  6795 | Temple   | Reached * piety under Zin
  7018 | D:7      | Reached skill level 1 in Fighting
  7227 | D:7      | Noticed an orc knight
  7227 | D:7      | Noticed a troll
  7227 | D:7      | Noticed a deep elf knight
  7251 | D:7      | Killed from afar by a deep elf knight

Illustrated notes

Levels and vault maps discovered:
D:1:      dpeg_arrival_connections, layout_loops_ring
D:2:      layout_loops_ring
D:3:      layout_basic, ebering_ecumenical_altar_ruins, ebering_ghost_sewer_f
D:4:      layout_loops_cross, kiku_gazebo_garden_becter,
          gammafunk_ghost_mausoleum, serial_bayou, serial_bayou_lagoon_b,
          serial_bayou_pond_a, serial_bayou_crossing, serial_bayou_shore_b,
          uniq_edmund, uniq_natasha, uniq_duvessa, uniq_blork_the_orc
D:5:      layout_gridville, uniq_eustachio
D:6:      layout_cave_pods, minmay_temple_entry_enclosed_plants,
          skrybe_limestone_x
D:7:      layout_basic
Temple:   kilobyte_greek_temple

Skill      XL: |  1  2  3  4  5  6  7  8  9 |
---------------+----------------------------+-----
Spellcasting   | 3 4 5 6 8 9 |  9.5
Stealth        | 2 |  2.6
Shields        | 1 2 |  2.5
Fighting       | 1 |  1.0
Dodging        | 3 |  3.1
Long Blades    | |  0.6

Action                   |  1- 3 |  4- 6 |  7- 9 || total
-------------------------+-------+-------+-------++-------
Melee: Short sword       |     1 |       |       ||     1
       Falchion          |       |       |    40 ||    40
 Cast: Foxfire           |    46 |    54 |   121 ||   221
       Scorch            |    11 |    11 |    27 ||    49
       Sting             |     1 |       |     2 ||     3
       Corpse Rot        |       |     1 |       ||     1
       Ozocubu's Armour  |       |       |     2 ||     2
       Flame Wave        |       |       |     2 ||     2
       Inner Flame       |       |       |     1 ||     1
  Use: Scroll            |       |     6 |     8 ||    14
Armor: Robe              |       |     2 |    11 ||    13
Dodge: Dodged            |     3 |     3 |    50 ||    56
Block: Kite shield       |       |       |    32 ||    32
       Reflection        |       |       |     1 ||     1

Table legend: (Time is in decaauts)
 A = Elapsed time spent in this place.
 B = Non-inter-level travel time spent in this place.
 C = Inter-level travel time spent in this place.
 D = Time resting spent in this place.
 E = Time spent auto-exploring this place.
 F = Levels seen in this place.
 G = Mean time per level.
                   A        B        C        D        E       F      G
               +--------+--------+--------+--------+--------+-----+--------+
         Total |   7273 |   6816 |    457 |    672 |   5148 |   8 |  909.1 |
       Dungeon |   7046 |   6627 |    419 |    672 |   5015 |   7 | 1006.6 |
        Temple |    226 |    188 |     38 |      0 |    133 |   1 |  226.0 |
               +--------+--------+--------+--------+--------+-----+--------+

Top non-repeatable levels by time:
     D:3: 1644 daAuts
     D:1: 1415 daAuts
     D:4: 1032 daAuts
     D:2: 943 daAuts
     D:6: 890 daAuts
     D:5: 747 daAuts
     D:7: 373 daAuts
  Temple: 226 daAuts
